 Dungeon Sprint DCSS version 0.18-a0-1123-gbd92598 (webtiles) character file.

11846 Kidiri the Unseen (level 11, -10/56 HPs)
             Began as a Spriggan Enchanter on Jan 19, 2016.
             Was the Champion of Dithmenos.
             Mangled by a seven-headed hydra (14 damage)
             ... in the Dungeon (Sprint III: "The Ten Rune Challenge").
             The game lasted 00:14:09 (1828 turns).

Kidiri the Unseen (Spriggan Enchanter)              Turns: 1828, Time: 00:14:09

Health: -10/56     AC:  4    Str:  4    XL:     11   Next: 54%
Magic:  24/29      EV: 33    Int: 17    God:    Dithmenos [******]
Gold:   45         SH:  0    Dex: 20    Spells: 10 memorised, 2 levels left

rFire  + . .     SeeInvis +     a - +1 dagger
rCold  + . .     Gourm    .     l - +2 robe {rC+ rF+}
rNeg   . . .     Faith    .     (shield restricted)
rPois  .         Spirit   .     (helmet restricted)
rElec  .         Dismiss  .     (no cloak)
rCorr  .         Reflect  .     (gloves unavailable)
SustAt .         Harm     .     (boots unavailable)
MR     +....     NoTele   +     (no amulet)
Stlth  ++++++++++               (no ring)
                                (no ring)

@: wreathed by umbra, very quick, somewhat resistant to hostile enchantments,
uncannily stealthy
A: unfitting armour, thin skeletal structure 1, see invisible, dopey 1,
herbivore 3, speed 3, mutation resistance 1, slow metabolism 2
a: Shadow Step, Shadow Form, Renounce Religion


You were in the Dungeon.
You worshipped Dithmenos.
Dithmenos was exalted by your worship.
You were not hungry.

You visited 1 branch You collected 45 gold pieces.

Inventory:

Hand Weapons
 a - a +1 dagger (weapon)
Missiles
 b - 10 throwing nets (quivered)
Armour
 l - a +2 robe of resistance (worn)
Wands
 c - a wand of digging (7/24)
Scrolls
 j - a scroll of blinking
 m - a scroll of holy word
 o - 3 scrolls of remove curse
 s - a scroll of torment {unknown}
Potions
 g - a potion of haste
 h - a potion of magic
 i - a potion of berserk rage
 q - 4 potions of cure mutation
 r - 2 potions of flight
 t - 2 potions of might
Comestibles
 d - a bread ration
 f - 6 fruits
 p - 28 royal jellies


   Skills:
 + Level 6.2 Fighting
 * Level 11.8 Short Blades
 + Level 5.7 Armour
 * Level 14.9 Dodging
 * Level 15.9 Stealth
 * Level 13.0 Spellcasting
 + Level 5.4 Conjurations
 + Level 9.5 Hexes
 + Level 8.6 Translocations
 + Level 7.3 Transmutations
 + Level 6.0 Ice Magic
 + Level 2.3 Air Magic
 + Level 4.8 Earth Magic
 + Level 4.8 Poison Magic
 - Level 2.2 Invocations


You had 2 spell levels left.
You knew the following spells:

 Your Spells              Type           Power        Failure   Level  Hunger
a - Corona                Hex            #####..      1%          1    None
b - Ensorcelled Hibernat  Hex/Ice        #####.       1%          2    None
c - Confuse               Hex            #####...     1%          3    None
d - Tukima's Dance        Hex            #####...     1%          3    None
e - Dazzling Spray        Conj/Hex       #####...     1%          3    None
f - Gell's Gravitas       Hex/Tloc       #####.....   1%          3    None
g - Metabolic Englaciati  Hex/Ice        #####.....   10%         5    ####...
h - Petrify               Trmt/Erth      ####....     8%          4    ##.....
i - Olgreb's Toxic Radia  Pois           ####....     10%         4    ##.....
j - Poisonous Cloud       Conj/Pois/Air  ####......   99%         6    ######.


Dungeon Overview and Level Annotations

Branches:
Dungeon (1/1)

Altars:
Cheibriados
Dithmenos
Elyvilon
Fedhas
Gozag
Kikubaaqudgha
Makhleb
Nemelex Xobeh
Okawaru
Pakellas
Qazlal
Ru
Sif Muna
Trog
Vehumet
Xom
Yredelemnul
Zin
The Shining One
Jiyva
Lugonu

Annotations:
D Lernaean hydra


Innate Abilities, Weirdness & Mutations

You are tiny and cannot use many weapons and most armour.
You have supernaturally acute eyesight.
You are a herbivore.
You cover ground extremely quickly.
You need consume almost no food.
You have a somewhat thin skeletal structure (Dex +2, Stealth).
You are dopey. (Int -2)
You are somewhat resistant to further mutation.


Message History

The seven-headed hydra easily resists.
Your shadow mimicks your spell!
The seven-headed hydra resists with almost no effort.
The seven-headed hydra completely misses you.
The seven-headed hydra misses you. The seven-headed hydra bites you.
The seven-headed hydra bites you!
You emit a cloud of dark smoke.
The seven-headed hydra bites you! The seven-headed hydra bites you.
You emit a cloud of dark smoke.
The seven-headed hydra completely misses you.
Unknown command.
You enter the shallow water.
Moving in this stuff is going to be slow.
There is an open door here.
There isn't anything here!
You start resting.
The seven-headed hydra completely misses you.
The seven-headed hydra misses you. The seven-headed hydra bites you!
* * * LOW HITPOINT WARNING * * *
You emit a cloud of dark smoke.
The seven-headed hydra bites you!
You die...

♣♣≈≈≈........≈≈≈...#....
+♣♣'♣≈≈≈≈≈≈≈≈≈≈≈≈♣♣P.'....
#.≈♣♣♣♣♣♣♣♣♣♣♣♣♣♣♣♣PP#....
#..♣♣ ♣♣♣##+##
###'♣♣♣♣♣♣♣♣♣♣♣♣♣♣♣
♣♣♣♣.##..##≈≈≈≈≈≈..#
♣...##.##.#≈≈≈≈≈...#
♣♣.##.##.##D§≈≈≈≈####+#
♣..#.##§§@#≈≈....§.§§#
♣♣.##.##§§#§§.+#######
♣♣.##.#####D§.#....))#
♣.....##§§§§§§#♣♣♣._)#
########§###### ##### #§♣♣
#♣.♣ ♣.♣♣ ♣♣.♣


You could see a seven-headed hydra.

Vanquished Creatures
  Maud (D)
  Erolcha (D)
  A death drake (D)
  A spriggan druid (D)
  4 swamp dragons (D)
  A lindwurm (D)
  A deep elf mage (D)
  2 spiny frogs (D)
  A komodo dragon (D)
  2 giant leeches (D)
  3 wandering mushrooms (D)
  A queen bee (D)
  5 redbacks (D)
  2 spriggans (D)
  A shadow (D)
  2 hill giants (D)
  A spatial vortex (D)
  2 swamp drakes (D)
  A necrophage (D)
  3 two-headed ogres (D)
  A water elemental (D)
  32 killer bees (D)
  An electric eel (D)
  A jelly (D)
  Jessica (D)
  A wolf (D)
  A necromancer (D)
  A wizard (D)
  3 humans (D)
  A kobold demonologist (D)
  An ooze (D)
  A rat (D)
  A giant spore (D)
82 creatures vanquished.

Vanquished Creatures (others)
  2 draconian scorchers (D)
  2 hydras (D)
  2 yaktaurs (D)
  A plant (D)
7 creatures vanquished.

Grand Total: 89 creatures vanquished

Notes
Turn   | Place    | Note
--------------------------------------------------------------
     0 | D        | Kidiri the Spriggan Enchanter began the quest for the Orb.
     0 | D        | Reached XP level 1. HP: 9/9 MP: 5/5
     9 | D        | Reached skill level 5 in Stealth
    24 | D        | Noticed Jessica
    28 | D        | Killed Jessica
    28 | D        | Reached skill level 1 in Fighting
    28 | D        | Reached skill level 6 in Stealth
    28 | D        | Reached XP level 2. HP: 12/14 MP: 6/8
    28 | D        | Reached XP level 3. HP: 15/18 MP: 6/9
    32 | D        | Learned a level 2 spell: Ensorcelled Hibernation
    36 | D        | Learned a level 3 spell: Confuse
    40 | D        | Learned a level 3 spell: Dazzling Spray
    59 | D        | Reached skill level 1 in Armour
    59 | D        | Reached skill level 5 in Dodging
    67 | D        | Reached XP level 4. HP: 20/22 MP: 9/11
    84 | D        | Gained mutation: You have a somewhat thin skeletal structure (Dex +2, Stealth). [potion of mutation]
    84 | D        | Gained mutation: You are somewhat resistant to further mutation. [potion of mutation]
    86 | D        | Gained mutation: You are dopey. (Int -2) [potion of mutation]
    91 | D        | Learned a level 3 spell: Tukima's Dance
    98 | D        | Noticed a water elemental
   101 | D        | Killed a water elemental
   101 | D        | Reached skill level 7 in Stealth
   101 | D        | Reached skill level 5 in Spellcasting
   101 | D        | Reached skill level 1 in Conjurations
   101 | D        | Reached skill level 1 in Ice Magic
   111 | D        | Noticed a shadow
   113 | D        | Killed a shadow
   113 | D        | Reached skill level 5 in Short Blades
   113 | D        | Reached skill level 9 in Stealth
   113 | D        | Reached skill level 5 in Hexes
   113 | D        | Reached XP level 5. HP: 25/27 MP: 13/15
   113 | D        | Reached XP level 6. HP: 29/32 MP: 13/16
   162 | D        | Killed a yaktaur
   238 | D        | Found an oddly glowing altar of Pakellas.
   238 | D        | Found a stormy altar of Qazlal.
   239 | D        | Found a sacrificial altar of Ru.
   239 | D        | Found a burning altar of Makhleb.
   239 | D        | Found a viscous altar of Jiyva.
   239 | D        | Found a shimmering altar of Xom.
   239 | D        | Found a shadowy altar of Dithmenos.
   239 | D        | Found a sparkling altar of Nemelex Xobeh.
   239 | D        | Found a corrupted altar of Lugonu.
   239 | D        | Found an opulent altar of Gozag.
   239 | D        | Noticed a spatial vortex
   243 | D        | Became a worshipper of Dithmenos the Shadowed
   244 | D        | Killed a spatial vortex
   310 | D        | Found a radiant altar of Vehumet.
   311 | D        | Found a deep blue altar of Sif Muna.
   311 | D        | Found an ancient bone altar of Kikubaaqudgha.
   312 | D        | Reached skill level 10 in Stealth
   327 | D        | Learned a level 3 spell: Gell's Gravitas
   333 | D        | Learned a level 5 spell: Metabolic Englaciation
   343 | D        | Found a glowing silver altar of Zin.
   344 | D        | Found a glowing golden altar of the Shining One.
   344 | D        | Found a white marble altar of Elyvilon.
   344 | D        | Noticed a deep elf mage
   346 | D        | Killed a deep elf mage
   346 | D        | Reached * piety under Dithmenos
   346 | D        | Reached skill level 10 in Dodging
   346 | D        | Reached skill level 11 in Stealth
   346 | D        | Reached XP level 7. HP: 36/36 MP: 18/20
   358 | D        | Found an iron altar of Okawaru.
   359 | D        | Found a bloodstained altar of Trog.
   359 | D        | Noticed a human
   359 | D        | Noticed a human
   366 | D        | Killed a white draconian scorcher
   367 | D        | Killed a human
   380 | D        | Killed a human
   380 | D        | Reached XP level 8. HP: 37/42 MP: 12/22
   386 | D        | Learned a level 4 spell: Petrify
   450 | D        | Found a snail-covered altar of Cheibriados.
   451 | D        | Found a basalt altar of Yredelemnul.
   451 | D        | Found a blossoming altar of Fedhas.
   452 | D        | Reached ** piety under Dithmenos
   453 | D        | Reached skill level 1 in Transmutations
   481 | D        | Reached *** piety under Dithmenos
   481 | D        | Reached skill level 1 in Earth Magic
   489 | D        | Reached skill level 12 in Stealth
   495 | D        | Noticed Erolcha
   497 | D        | Killed Erolcha
   497 | D        | Reached skill level 10 in Spellcasting
   497 | D        | Reached skill level 5 in Translocations
   497 | D        | Reached XP level 9. HP: 46/46 MP: 22/24
   498 | D        | Reached **** piety under Dithmenos
   519 | D        | Learned a level 4 spell: Olgreb's Toxic Radiance
   530 | D        | Reached skill level 13 in Stealth
   530 | D        | Reached skill level 1 in Poison Magic
   548 | D        | Killed a white draconian scorcher
   619 | D        | Noticed a queen bee
   625 | D        | Reached ***** piety under Dithmenos
   628 | D        | Reached ****** piety under Dithmenos
   630 | D        | Reached skill level 5 in Fighting
   642 | D        | Killed a queen bee
   642 | D        | Reached skill level 10 in Short Blades
   642 | D        | Reached XP level 10. HP: 19/51 MP: 2/25
   864 | D        | Reached skill level 5 in Transmutations
  1055 | D        | Reached skill level 14 in Stealth
  1056 | D        | Reached skill level 5 in Ice Magic
  1099 | D        | Killed a five-headed hydra
  1168 | D        | Noticed a spiny frog
  1168 | D        | Noticed a spiny frog
  1172 | D        | Killed a spiny frog
  1174 | D        | Killed a six-headed hydra
  1176 | D        | Killed a spiny frog
  1232 | D        | Reached skill level 5 in Armour
  1239 | D        | Noticed a lindwurm
  1242 | D        | Killed a lindwurm
  1250 | D        | Noticed Maud
  1252 | D        | Killed Maud
  1252 | D        | Reached skill level 15 in Stealth
  1252 | D        | Reached skill level 5 in Conjurations
  1252 | D        | Reached XP level 11. HP: 54/56 MP: 24/28
  1266 | D        | Learned a level 6 spell: Poisonous Cloud
  1281 | D        | Noticed a death drake
  1283 | D        | Killed a death drake
  1297 | D        | Found a blossoming altar of Fedhas.
  1297 | D        | Noticed a spriggan druid
  1299 | D        | Killed a spriggan druid
  1299 | D        | Reached skill level 1 in Air Magic
  1359 | D        | Noticed a swamp dragon
  1364 | D        | Noticed a swamp dragon
  1367 | D        | Noticed a swamp dragon
  1368 | D        | Killed a swamp dragon
  1650 | D        | Killed a swamp dragon
  1669 | D        | Killed a swamp dragon
  1751 | D        | Noticed the 27-headed Lernaean hydra
  1751 | D        | Noticed a swamp dragon
  1754 | D        | Noticed a swamp dragon
  1755 | D        | Killed a swamp dragon
  1808 | D        | Noticed a seven-headed hydra
  1828 | D        | Mangled by a seven-headed hydra

Vault maps used:
D:        dungeon_sprint_mu

Action                   |  1- 3 |  4- 6 |  7- 9 | 10-12 || total
-------------------------+-------+-------+-------+-------++-------
Melee: Dagger            |     6 |     7 |    24 |    62 ||    99
 Cast: Confuse           |       |       |     3 |     2 ||     5
       Ensorcelled Hiber |       |       |     3 |    28 ||    31
       Dazzling Spray    |       |       |     7 |     9 ||    16
       Olgreb's Toxic Ra |       |       |     1 |       ||     1
Invok: Shadow Step       |       |       |     1 |     8 ||     9
  Use: Scroll            |       |     3 |       |       ||     3
       Potion            |       |     2 |       |     3 ||     5
 Stab: Sleeping          |     5 |     7 |    12 |    25 ||    49
       Confused          |       |       |     2 |     1 ||     3
       Invisible         |       |       |       |     1 ||     1
